MID
KANE COUNTY COUGARS @ SOUTH BEND CUBS
06/02/2048
 
TOP OF THE 1ST
Kane County Cougars batting - Pitching for South Bend Cubs : RHP Anastagio Fasola
Pitching: RHP Anastagio Fasola
Batting: RHB Francisco Gutierrez 0-0: SOLO HOME RUN (Flyball, 78XD, EV 110.0 MPH), Distance : 424 ft
Batting: RHB D.J. Cooke 0-0: Called Strike
0-1: Ball
1-1: Ball
2-1: Ball
3-1: Called Strike
3-2: DOUBLE (Line Drive, 78D, EV 110.0 MPH)
Batting: RHB Chad Mendoza 0-0: Ball
1-0: Fly out, F9 (Line Drive, 9S, EV 95.0 MPH)
Batting: LHB J.P. Olson 0-0: Ball
Passed Ball!
D.J. Cooke to third
1-0: Foul Ball, location: 2F
1-1: Fly out, F8 (Flyball, 8RD, EV 81.9 MPH)
Batting: SHB John Cummings 0-0: Ball
1-0: Ball
2-0: Called Strike
2-1: Ball
3-1: Foul Ball, location: 2F
3-2: Base on Balls
Batting: RHB Longfellow Wetzler 0-0: Ball
1-0: Ball
2-0: Ball
3-0: Base on Balls
John Cummings to second
Batting: RHB Sergio Manzanero 0-0: Ball
1-0: Swinging Strike
1-1: Called Strike
1-2: Foul Ball, location: 2F
1-2: Foul Ball, location: 2F
1-2: Ball
2-2: Strikes out swinging
Top of the 1st over - 1 run, 2 hits, 0 errors, 3 left on base; Kane County 1 - South Bend 0
BOTTOM OF THE 1ST
South Bend Cubs batting - Pitching for Kane County Cougars : RHP Nobuo Okazaki
Pitching: RHP Nobuo Okazaki
Batting: RHB Puluke Konane 0-0: SINGLE (Groundball, 6MD, EV 98.1 MPH)
Batting: RHB Hugo Torrez 0-0: Ball
1-0: Fly out, F8 (Flyball, 8RD, EV 100.6 MPH)
Batting: LHB Kwang-chih Men 0-0: Called Strike
0-1: Swinging Strike
0-2: Strikes out swinging
Puluke Konane steals 2nd base
Batter strikes out.
Batting: RHB Roy Battist 0-0: Ball
1-0: Foul Ball, location: 2F
1-1: Ball
2-1: SINGLE (Groundball, 6MD, EV 103.1 MPH)
Puluke Konane to third
Runner from 3rd tries for Home, SAFE, throw by CF to home
Batting: RHB Han-seung Hah 0-0: Ball
1-0: Called Strike
1-1: Ball
2-1: Ball
3-1: Base on Balls
Roy Battist to second
Batting: RHB Denis Rachin 0-0: Called Strike
0-1: Ball
1-1: SINGLE (Groundball, 56D, EV 96.9 MPH)
Roy Battist to third
Han-seung Hah to second
Runner from 3rd tries for Home, SAFE, throw by LF to home
Batting: RHB Dylan Burke 0-0: SINGLE (Line Drive, 34D, EV 98.1 MPH)
Han-seung Hah to third
Denis Rachin to second
Batting: RHB Juan Bonilla 0-0: Ball
1-0: Ball
2-0: Ball
3-0: Called Strike
3-1: Called Strike
3-2: Strikes out looking
Bottom of the 1st over - 2 runs, 4 hits, 0 errors, 3 left on base; Kane County 1 - South Bend 2
TOP OF THE 2ND
Kane County Cougars batting - Pitching for South Bend Cubs : RHP Anastagio Fasola
Batting: LHB Jeff Trapp 0-0: Ball
1-0: Ball
2-0: Ball
3-0: Called Strike
3-1: Base on Balls
Batting: RHB Ernesto Zamora 0-0: Ball
Jeff Trapp steals 2nd base
1-0: Called Strike
1-1: Fly out, F7 (Line Drive, 7S, EV 110.6 MPH)
Now in LF: Taylor Garofalo
Batting: RHB Francisco Gutierrez 0-0: Ground out 5-3 (Groundball, 56, EV 80.6 MPH)
Batting: RHB D.J. Cooke 0-0: Ball
1-0: Ball
2-0: Fly out, F5 (Flyball, 5D, EV 85.0 MPH)
Top of the 2nd over - 0 runs, 0 hits, 0 errors, 1 left on base; Kane County 1 - South Bend 2
BOTTOM OF THE 2ND
South Bend Cubs batting - Pitching for Kane County Cougars : RHP Nobuo Okazaki
Batting: LHB Adam Conover 0-0: Called Strike
0-1: Swinging Strike
0-2: Ball
1-2: Ball
2-2: Ball
3-2: Ground out 5-3 (Groundball, 15, EV 84.4 MPH)
Batting: RHB Taylor Garofalo 0-0: Foul Ball, location: 2F
0-1: Called Strike
0-2: Foul Ball, location: 2F
0-2: Ball
1-2: Strikes out swinging
Batting: RHB Hugo Torrez 0-0: Ball
1-0: Ground out 4-3 (Groundball, 4, EV 102.5 MPH)
Bottom of the 2nd over - 0 runs, 0 hits, 0 errors, 0 left on base; Kane County 1 - South Bend 2
TOP OF THE 3RD
Kane County Cougars batting - Pitching for South Bend Cubs : RHP Anastagio Fasola
Batting: RHB Chad Mendoza 0-0: Ball
1-0: Ground out 6-3 (Groundball, 6, EV 93.1 MPH)
Batting: LHB J.P. Olson 0-0: Called Strike
0-1: Ball
1-1: Ball
2-1: Ball
3-1: Ground out 4-3 (Groundball, 34, EV 103.8 MPH)
Batting: SHB John Cummings 0-0: Ball
1-0: Called Strike
1-1: Foul Ball, location: 2F
1-2: Foul Ball, location: 2F
1-2: Ground out 4-3 (Groundball, 34, EV 81.9 MPH)
Top of the 3rd over - 0 runs, 0 hits, 0 errors, 0 left on base; Kane County 1 - South Bend 2
BOTTOM OF THE 3RD
South Bend Cubs batting - Pitching for Kane County Cougars : RHP Nobuo Okazaki
Batting: LHB Kwang-chih Men 0-0: Fly out, F9 (Flyball, 89XD, EV 98.1 MPH)
Batting: RHB Roy Battist 0-0: Ball
1-0: Called Strike
1-1: Swinging Strike
1-2: Strikes out looking
Batting: RHB Han-seung Hah 0-0: Ball
1-0: Called Strike
1-1: Swinging Strike
1-2: Ball
2-2: Ball
3-2: Foul Ball, location: 2F
3-2: Strikes out swinging
Bottom of the 3rd over - 0 runs, 0 hits, 0 errors, 0 left on base; Kane County 1 - South Bend 2
TOP OF THE 4TH
Kane County Cougars batting - Pitching for South Bend Cubs : RHP Anastagio Fasola
Batting: RHB Longfellow Wetzler 0-0: Ball
1-0: Foul Ball, location: 2F
1-1: Swinging Strike
1-2: Foul Ball, location: 2F
1-2: Strikes out swinging
Batting: RHB Sergio Manzanero 0-0: Foul Ball, location: 2F
0-1: Ball
1-1: Foul Ball, location: 2F
1-2: Foul Ball, location: 2F
1-2: Ball
2-2: Foul Ball, location: 2F
2-2: Foul Ball, location: 2F
2-2: DOUBLE (Line Drive, 9LD, EV 97.5 MPH)
Batting: LHB Jeff Trapp 0-0: Foul Ball, location: 2F
0-1: Called Strike
0-2: Ball
1-2: Ball
2-2: Strikes out swinging
Batting: RHB Ernesto Zamora 0-0: Called Strike
0-1: Ball
1-1: Ball
2-1: Swinging Strike
2-2: Ground out 5-3 (Groundball, 56S, EV 71.2 MPH)
Top of the 4th over - 0 runs, 1 hit, 0 errors, 1 left on base; Kane County 1 - South Bend 2
BOTTOM OF THE 4TH
South Bend Cubs batting - Pitching for Kane County Cougars : RHP Nobuo Okazaki
Batting: RHB Denis Rachin 0-0: Ball
1-0: Ball
2-0: SINGLE (Groundball, 6MD, EV 98.1 MPH)
Batting: RHB Dylan Burke 0-0: Ball
1-0: Foul Ball, location: 2F
1-1: Ball
2-1: Foul Ball, location: 2F
2-2: Strikes out swinging
Batting: RHB Juan Bonilla 0-0: Fly out, F9 (Line Drive, 9, EV 98.1 MPH)
Batting: LHB Adam Conover 0-0: Called Strike
0-1: Foul Ball, location: 2F
0-2: Ball
1-2: Strikes out looking
Bottom of the 4th over - 0 runs, 1 hit, 0 errors, 1 left on base; Kane County 1 - South Bend 2
TOP OF THE 5TH
Kane County Cougars batting - Pitching for South Bend Cubs : RHP Anastagio Fasola
Batting: RHB Francisco Gutierrez 0-0: Ball
1-0: Foul Ball, location: 2F
1-1: SINGLE (Groundball, 5D, EV 99.4 MPH)
Pitching: RHP Rob Craft
Batting: RHB D.J. Cooke 0-0: Called Strike
0-1: Called Strike
0-2: Ball
1-2: Ball
2-2: Foul Ball, location: 2F
2-2: SINGLE (Groundball, 6, EV 98.1 MPH)
Francisco Gutierrez to second
Batting: RHB Chad Mendoza 0-0: Swinging Strike
0-1: Foul Ball, location: 2F
0-2: Foul Ball, location: 2F
0-2: Ball
1-2: Strikes out swinging
Batting: LHB J.P. Olson 0-0: Fly out, F9 (Flyball, 89S, EV 93.8 MPH)
Batting: SHB John Cummings 0-0: Foul Ball, location: 2F
0-1: Foul Ball, location: 2F
0-2: Strikes out looking
Top of the 5th over - 0 runs, 2 hits, 0 errors, 2 left on base; Kane County 1 - South Bend 2
BOTTOM OF THE 5TH
South Bend Cubs batting - Pitching for Kane County Cougars : RHP Nobuo Okazaki
Batting: RHB Taylor Garofalo 0-0: Ball
1-0: Called Strike
1-1: Ball
2-1: Ball
3-1: Ground out 6-3 (Groundball, 6, EV 106.2 MPH)
Batting: RHB Hugo Torrez 0-0: Ground out 6-3 (Groundball, 6, EV 85.6 MPH)
Batting: LHB Kwang-chih Men 0-0: Called Strike
0-1: Ball
1-1: Foul Ball, location: 2F
1-2: Ball
2-2: Foul Ball, location: 2F
2-2: Foul Ball, location: 2F
2-2: Foul Ball, location: 2F
2-2: Ground out U3 (Groundball, 34, EV 90.6 MPH)
Bottom of the 5th over - 0 runs, 0 hits, 0 errors, 0 left on base; Kane County 1 - South Bend 2
TOP OF THE 6TH
Kane County Cougars batting - Pitching for South Bend Cubs : RHP Rob Craft
Batting: RHB Longfellow Wetzler 0-0: Foul Ball, location: 2F
0-1: Foul Ball, location: 2F
0-2: Ball
1-2: Ball
2-2: Ground out 6-3 (Groundball, 6, EV 103.8 MPH)
Batting: RHB Sergio Manzanero 0-0: Ball
1-0: Foul Ball, location: 2F
1-1: Foul Ball, location: 2F
1-2: Strikes out looking
Batting: LHB Jeff Trapp 0-0: Fly out, F9 (Flyball, 9LS, EV 84.4 MPH)
Top of the 6th over - 0 runs, 0 hits, 0 errors, 0 left on base; Kane County 1 - South Bend 2
BOTTOM OF THE 6TH
South Bend Cubs batting - Pitching for Kane County Cougars : RHP Nobuo Okazaki
Batting: RHB Roy Battist 0-0: Ball
1-0: Swinging Strike
1-1: Ball
2-1: Called Strike
2-2: Foul Ball, location: 2F
2-2: Ball
3-2: Ground out 6-3 (Groundball, 6, EV 106.9 MPH)
Batting: RHB Han-seung Hah 0-0: Ball
1-0: Called Strike
1-1: SOLO HOME RUN (Flyball, 78XD, EV 111.9 MPH), Distance : 417 ft
Batting: RHB Denis Rachin 0-0: Ball
1-0: Ball
2-0: Ball
3-0: Called Strike
3-1: Swinging Strike
3-2: Base on Balls
Batting: RHB Dylan Burke 0-0: Ball
1-0: Called Strike
1-1: Swinging Strike
Denis Rachin steals 2nd base
1-2: SINGLE (Line Drive, 89S, EV 90.6 MPH)
Denis Rachin to third
Batting: RHB Juan Bonilla 0-0: Foul Ball, location: 2F
0-1: Foul Ball, location: 2F
0-2: Strikes out looking
Pitching: RHP Shigezo Shoji
Batting: LHB Adam Conover 0-0: Swinging Strike
0-1: Foul Ball, location: 2F
0-2: DOUBLE (Flyball, 89XD, EV 105.0 MPH)
Denis Rachin scores
Dylan Burke to third
Batting: RHB Taylor Garofalo 0-0: Ball
1-0: Called Strike
1-1: Ball
2-1: DOUBLE (Line Drive, 9LM, EV 101.2 MPH)
Dylan Burke scores
Adam Conover scores
Batting: RHB Hugo Torrez 0-0: Ball
1-0: Ball
2-0: Swinging Strike
2-1: Swinging Strike
2-2: Strikes out swinging
Bottom of the 6th over - 4 runs, 4 hits, 0 errors, 1 left on base; Kane County 1 - South Bend 6
TOP OF THE 7TH
Kane County Cougars batting - Pitching for South Bend Cubs : RHP Rob Craft
Batting: RHB Ernesto Zamora 0-0: Ball
1-0: Reached on error, E6 (Groundball, 6, EV 86.2 MPH)
Batting: RHB Francisco Gutierrez 0-0: Called Strike
0-1: 2-RUN HOME RUN (Flyball, 9D, EV 100.6 MPH), Distance : 406 ft
Batting: RHB D.J. Cooke 0-0: Ball
1-0: Called Strike
1-1: Foul Ball, location: 2F
1-2: Ball
2-2: Strikes out swinging
Batting: RHB Chad Mendoza 0-0: Called Strike
0-1: Ball
1-1: Foul Ball, location: 2F
1-2: Strikes out swinging
Batting: LHB J.P. Olson 0-0: Called Strike
0-1: Ball
1-1: Fly out, F7 (Flyball, 7, EV 83.1 MPH)
Top of the 7th over - 2 runs, 1 hit, 1 error, 0 left on base; Kane County 3 - South Bend 6
BOTTOM OF THE 7TH
South Bend Cubs batting - Pitching for Kane County Cougars : RHP Shigezo Shoji
Batting: LHB Kwang-chih Men 0-0: Ball
1-0: Foul Ball, location: 2F
1-1: Ball
2-1: Swinging Strike
2-2: Ball
3-2: Foul Ball, location: 2F
3-2: Ground out 6-3 (Groundball, 6M, EV 85.0 MPH)
Batting: RHB Roy Battist 0-0: Swinging Strike
0-1: Ball
1-1: DOUBLE (Groundball, 3L, EV 94.4 MPH)
Batting: RHB Han-seung Hah 0-0: Ball
1-0: Ball
2-0: Ball
3-0: Swinging Strike
3-1: Ground out 5-3 (Groundball, 56, EV 85.0 MPH)
Batting: RHB Denis Rachin 0-0: Ball
1-0: Called Strike
1-1: Ball
2-1: Ground out 6-3 (Groundball, 6, EV 84.4 MPH)
Bottom of the 7th over - 0 runs, 1 hit, 0 errors, 1 left on base; Kane County 3 - South Bend 6
TOP OF THE 8TH
Kane County Cougars batting - Pitching for South Bend Cubs : RHP Rob Craft
Pitching: RHP Eric Allen
Now at 1B: Kwang-chih Men
Now at 2B: Hiroki Yamamoto
Batting: SHB John Cummings 0-0: Called Strike
0-1: Called Strike
0-2: Ball
1-2: Ball
2-2: Strikes out swinging
Batting: RHB Longfellow Wetzler 0-0: Foul Ball, location: 2F
0-1: Fly out, F9 (Line Drive, 89M, EV 88.8 MPH)
Batting: RHB Sergio Manzanero 0-0: Swinging Strike
0-1: Foul Ball, location: 2F
0-2: Ball
1-2: Ball
2-2: Ball
3-2: Ground out 4-3 (Groundball, 4, EV 86.2 MPH)
Top of the 8th over - 0 runs, 0 hits, 0 errors, 0 left on base; Kane County 3 - South Bend 6
BOTTOM OF THE 8TH
South Bend Cubs batting - Pitching for Kane County Cougars : RHP Shigezo Shoji
Pitching: LHP Jeff Haight
Batting: RHB Dylan Burke 0-0: Swinging Strike
0-1: SINGLE (Groundball, 6MD, EV 106.9 MPH)
Batting: LHB Hiroki Yamamoto 0-0: Foul Ball, location: 2F
Balk!
Dylan Burke to second
0-1: Foul Ball, location: 2F
0-2: DOUBLE (Line Drive, 78M, EV 113.1 MPH)
Dylan Burke scores
Batting: LHB Adam Conover 0-0: Foul Ball, location: 2F
0-1: Ball
1-1: Foul Ball, location: 2F
1-2: Ball
2-2: Ball
3-2: Foul Ball, location: 2F
3-2: Strikes out looking
Batting: RHB Taylor Garofalo 0-0: Ball
1-0: Swinging Strike
1-1: Foul Ball, location: 2F
1-2: Strikes out swinging
Batting: RHB Hugo Torrez 0-0: Called Strike
0-1: Swinging Strike
0-2: Ball
1-2: Strikes out swinging
Bottom of the 8th over - 1 run, 2 hits, 0 errors, 1 left on base; Kane County 3 - South Bend 7
TOP OF THE 9TH
Kane County Cougars batting - Pitching for South Bend Cubs : RHP Eric Allen
Batting: LHB Jeff Trapp 0-0: Foul Ball, location: 2F
0-1: Ball
1-1: Foul Ball, location: 2F
1-2: Ground out 6-3 (Groundball, 6, EV 106.9 MPH)
Batting: RHB Ernesto Zamora 0-0: Ball
1-0: Fly out, F4 (Popup, 3S, EV 80.6 MPH)
Batting: RHB Francisco Gutierrez 0-0: Called Strike
0-1: Ball
1-1: Ball
2-1: Ball
3-1: Fly out, F7 (Flyball, 7LSF, EV 88.1 MPH)
Top of the 9th over - 0 runs, 0 hits, 0 errors, 0 left on base; Kane County 3 - South Bend 7
Tuesday, March 28th , 2023 - OOTP Baseball 23.10 Build 110